 Dungeon Crawl Stone Soup version 0.18.1-50-g88ac8fd (webtiles) character file.

59 varam the Sneak (level 4, 0/29 HPs)
             Began as an Octopode Assassin on Oct 10, 2016.
             Slain by a gnoll
             ... wielding a +0 spear
              (8 damage)
             ... on level 2 of the Dungeon.
             The game lasted 00:03:21 (980 turns).

varam the Sneak (Octopode Assassin)                  Turns: 980, Time: 00:03:22

Health: 0/29       AC:  1    Str: 10    XL:     4   Next: 3%
Magic:  4/4        EV: 11    Int: 14    God:
Gold:   79         SH:  0    Dex: 13    Spells: 0 memorised, 3 levels left

rFire  x . .     SeeInvis +     g - +1 whip (elec)
rCold  + . .     Gourm    .     (no shield)
rNeg   . . .     Faith    .     (helmet restricted)
rPois  .         Spirit   .     (no amulet)
rElec  .         Dismiss  .     e - ring of ice
rCorr  .         Reflect  .     q - ring of see invisible
SustAt .         Harm     .     (no ring)
MR     .....                    (no ring)
Stlth  +++++.....               (no ring)
                                (no ring)
                                (no ring)
                                (no ring)

@: not resistant to hostile enchantments, quite stealthy
A: almost no armour, amphibious, 8 rings, constrict 8, camouflage 1, gelatinous
body 1
a: no special abilities


You were on level 2 of the Dungeon.
You were not hungry.

You visited 1 branch of the dungeon, and saw 2 of its levels.

You collected 79 gold pieces.

Inventory:

Hand Weapons
 a - a +2 dagger
 b - a +0 blowgun
 g - a +1 whip of electrocution (weapon)
Missiles
 c - 8 poisoned needles
 d - 2 curare-tipped needles
 s - 5 needles of paralysis
Jewellery
 e - a ring of ice (left tentacle)
 q - a ring of see invisible (right tentacle)
Scrolls
 i - 6 scrolls of identify {unknown}
 j - a scroll of immolation {unknown}
 n - a scroll of blinking {unknown}
 o - a scroll of magic mapping {unknown}
Potions
 h - a potion of brilliance {unknown}
 k - a potion of lignification {unknown}
 l - a potion of haste {unknown}
 m - a potion of curing {unknown}
Miscellaneous
 r - a plain deck of wonders
Comestibles
 f - 2 bread rations
 p - a chunk of flesh


   Skills:
 - Level 2.0 Fighting
 - Level 2.0 Short Blades
 + Level 0.8 Maces & Flails
 - Level 2.0 Throwing
 - Level 1.0 Dodging
 + Level 7.4 Stealth


You had 3 spell levels left.
You didn't know any spells.

Dungeon Overview and Level Annotations

Branches:
Dungeon (2/15)

Altars:
Nemelex Xobeh


Innate Abilities, Weirdness & Mutations

You cannot wear most types of armour.
You are amphibious.
You can wear up to eight rings at the same time.
You can use your tentacles to constrict eight enemies at once.
Your skin changes colour to match your surroundings (Stealth).
Your rubbery body absorbs attacks (AC +1).


Message History

The gnoll hits you with a flail.
You hit the gnoll.
There is a sudden explosion of sparks!
You kill the gnoll!
The gnoll misses you. The worm bites you!
Things that are here:
a flail; a gnoll corpse You hit the worm.
There is a sudden explosion of sparks!
You kill the worm!
You have reached level 4!
The gnoll misses you.
The gnoll hits you from afar with a spear.
* * * LOW HITPOINT WARNING * * *
The gnoll barely misses you.
You hit the gnoll. You grab the gnoll.
The gnoll is lightly wounded.
You constrict the gnoll. The gnoll completely misses you.
You hit the gnoll.
The gnoll is moderately wounded.
You constrict the gnoll. The gnoll hits you with a spear!
You die...

g...................
.... .........###.##
##..#
#..####(.###.####
.w. ... #..........
#.# #.# ##.###.....
#g# #.# #.#######.
#.# #.######..#
#.####.........#
#.†)g@...###.#.#
#>.####..#...#..#
#..# ....#...#....
#..##..##.....###.#
#..#...⌠.##+## ..#
#.....#.. ...
...##### #? #..#
##.+


You could see a gnoll.

Vanquished Creatures
  An adder (D:2)
  A gnoll (D:2)
  A worm (D:2)
  2 dart slugs (D:1)
  A giant gecko (D:1)
  2 giant cockroaches (D:1)
  2 goblins (D:1)
  5 hobgoblins (D:1)
  4 bats
  A giant newt (D:1)
  6 kobolds
  6 rats (D:1)
32 creatures vanquished.

Notes
Turn   | Place    | Note
--------------------------------------------------------------
     0 | D:1      | varam the Octopode Assassin began the quest for the Orb.
     0 | D:1      | Reached XP level 1. HP: 14/14 MP: 1/1
   174 | D:1      | Reached skill level 6 in Stealth
   174 | D:1      | Reached XP level 2. HP: 19/19 MP: 2/2
   497 | D:1      | Reached XP level 3. HP: 24/24 MP: 3/3
   641 | D:1      | Found a sparkling altar of Nemelex Xobeh.
   825 | D:2      | Reached skill level 7 in Stealth
   974 | D:2      | Reached XP level 4. HP: 11/29 MP: 4/4
   980 | D:2      | Slain by a gnoll

Skill      XL: |  1  2  3 |
---------------+----------+-----
Stealth        | 6 7 |  7.4
Fighting       | |  2.0
Short Blades   | |  2.0
Maces & Flails | |  0.8
Throwing       | |  2.0
Dodging        | |  1.0

Action                   |  1- 3 |  4- 6 || total
-------------------------+-------+-------++-------
Melee: Dagger            |    40 |       ||    40
       Constrict         |    11 |     1 ||    12
       Tentacles         |     6 |       ||     6
       Whip              |    21 |     2 ||    23
 Stab: Sleeping          |     9 |       ||     9
Armor: Skin              |     4 |       ||     4
Dodge: Dodged            |    27 |     3 ||    30
